 Seeded DCSS version 0.32-a0-918-g0f22ef8d61 (webtiles) character file.

Game seed: 202404117 (custom seed)

646 Orlauf the Chopper (level 7, 0/55 HPs)
             Began as a Demonspawn Gladiator on Apr 11, 2024.
             Slain by Duvessa
             ... wielding a +0 rapier
              (8 damage)
             ... on level 5 of the Dungeon.
             The game lasted 00:05:03 (2760 turns).

Orlauf the Chopper (Demonspawn Gladiator)           Turns: 2760, Time: 00:05:04

Health: 0/55       AC:  9    Str: 15 (16) XL:     7   Next: 27%
Magic:  7/7        EV: 11    Int:  6 (8)  God:
Gold:   191        SH:  4    Dex: 13 (15) Spells: 6/6 levels left

rFire   . . .        b - +3 hand axe
rCold   . . .        (no shield)
rNeg    . . .        i - +0 acid dragon scales
rPois   .            (helmet restricted)
rElec   .            j - +0 cloak
rCorr   +            (no gloves)
SInv    .            (no boots)
Will    .....        (no amulet)
Stlth   +            (no ring)
HPRegen 0.29/turn    (no ring)
MPRegen 0.10/turn

%: no passive effects
@: mighty
A: antennae 1, foul stench 1, spiny 1, weakness stinger 2, demonic touch 1,
iridescent scales 1, large bone plates 1, inability to read after injury 1,
persistent drain
a: no special abilities


You were on level 5 of the Dungeon.
You visited 1 branch of the dungeon, and saw 5 of its levels.

You collected 191 gold pieces.

Inventory:

Hand Weapons
 a - a +1 war axe
 b - a +3 hand axe (weapon)
 k - a +2 mace of protection
Missiles
 d - 3 throwing nets (quivered)
 e - 4 javelins
Armour
 c - a +0 helmet
 i - +0 acid dragon scales (worn)
 j - a +0 cloak (worn)
 o - a +0 chain mail
Scrolls
 r - a scroll of immolation
Potions
 f - a potion of might
 g - 2 potions of brilliance
 l - a potion of lignification
 n - a potion of mutation


   Skills:
 + Level 4.4 Fighting
 * Level 5.7 Axes
 - Level 1.7 Throwing
 - Level 2.6 Dodging
 + Level 3.3 Unarmed Combat


You had 6 spell levels left.
You didn't know any spells.
Your spell library contained the following spells:

 Spells                   Type           Power      Damage    Failure   Level
 Mercury Vapours          Alch/Air       0%         N/A       71%         2
 Mephitic Cloud           Conj/Alch/Air  0%         N/A       91%         3
 Freezing Cloud           Conj/Ice/Air   0%         6-21      100%        5


Dungeon Overview and Level Annotations

Branches:
Dungeon (4/15)
 Temple: D:4-7

Altars:

Shops:
D:4 [:

Annotations:
D:5 Dowan, Duvessa


Innate Abilities, Weirdness & Mutations

You have a pair of small antennae on your head.
You may rarely emit foul miasma when damaged in melee.
You are partially covered in sharp spines.
You have a tail ending in a sharp stinger.
Your touch may inflict minor irresistible damage on your foes.
You are partially covered in iridescent scales. (AC +2)
You are partially covered in large bone plates. (SH +4)
You occasionally lose the ability to read scrolls when taking damage.
Your health recovers twice as slowly from being drained.


Message History

* * * LOW HITPOINT WARNING * * *
The shadow imp hits you but does no damage.
Dowan hits you but does no damage.
It was a potion of enlightenment.
Your roots keep you in place.
Duvessa barely misses you. Dowan hits you but does no damage.
The shadow imp hits you but does no damage.
Duvessa hits you but does no damage.
It was a potion of cancellation.
Your magical effects are unravelling.
You feel magically purged.
You feel less wooden.
Your +0 cloak unmelds from your body.
Your +0 acid dragon scales unmelds from your body.
You are no longer glowing.
Your enlightenment fades.
Duvessa misses you.
The shadow imp is struck by your spines.
The shadow imp hits you.
* * * LOW HITPOINT WARNING * * *
You block Dowan's attack.
It was a potion of might.
You feel very mighty all of a sudden. Duvessa is struck by your spines.
Duvessa barely misses you. The shadow imp barely misses you.
Dowan says, "My weaknesses are her strengths!"
Dowan hits you but does no damage. Duvessa is struck by your spines.
Duvessa hits you with a +0 rapier!
* * * LOW HITPOINT WARNING * * *
You slash Duvessa!
You touch Duvessa!
Duvessa is severely wounded.
You hit Dowan. You slash the shadow imp! Duvessa is struck by your spines.
Duvessa barely misses you.
The shadow imp hits you but does no damage.
Dowan gestures wildly while chanting.
Dowan blinks!
You barely miss Duvessa. You tail-slap Duvessa.
Duvessa is almost dead.
You hit the shadow imp.
You kill the shadow imp!
Duvessa is struck by your spines. Duvessa hits you with a +0 rapier!
You die...

# #.#
#.##.#####.#
#.#####.#
#..........#
#.......#
####.######..
#.##...## .#
#.####.########
..
.$..............
#.
##...##..####.##
. .........# .
##...##.@# .
##..e.e).......
#.###..###...#
.... ## .....
#...... #......
.......#


You could see Duvessa (fast) and Dowan.

Vanquished Creatures
  Sigmund (D:5)
  A black bear (D:5)
  An ice beast (D:4)
  An ogre (D:3)
  An orc priest (D:3)
  Terence (D:2)
  Robin (D:2)
  4 adders
  A shadow imp (D:5)
  A ribbon worm (D:3)
  5 dart slugs
  10 orcs
  3 ball pythons
  8 bats
  7 endoplasms
  6 giant cockroaches
  11 goblins
  7 hobgoblins
  4 jackals (D:3)
  5 kobolds
  6 quokkas
  4 frilled lizards
  3 rats
92 creatures vanquished.

Notes
Turn   | Place    | Note
-------+----------+-------------------------------------------
     0 | D:1      | Orlauf the Demonspawn Gladiator began the quest for the
                  | Orb.
     0 | D:1      | Reached XP level 1. HP: 16/16 MP: 1/1
   179 | D:1      | Found a faded altar of an unknown god.
   183 | D:1      | Reached skill level 3 in Axes
   185 | D:1      | Discovered your monstrous ancestry.
   185 | D:1      | Gained mutation: Your touch may inflict minor irresistible
                  | damage on your foes. [demonic ancestry]
   185 | D:1      | Reached XP level 2. HP: 20/22 MP: 2/2
   380 | D:1      | Reached skill level 1 in Unarmed Combat
   380 | D:1      | Gained mutation: You have a small tail. [demonic ancestry]
   380 | D:1      | Reached XP level 3. HP: 28/28 MP: 3/3
  1175 | D:2      | Noticed Terence
  1183 | D:2      | Killed Terence
  1184 | D:2      | Gained mutation: You may rarely emit foul miasma when
                  | damaged in melee. [demonic ancestry]
  1184 | D:2      | Reached XP level 4. HP: 12/34 MP: 4/4
  1483 | D:2      | Noticed Robin
  1490 | D:2      | Killed Robin
  1615 | D:3      | Reached skill level 4 in Axes
  1624 | D:3      | Gained mutation: You are partially covered in sharp spines.
                  | [demonic ancestry]
  1624 | D:3      | Reached XP level 5. HP: 22/41 MP: 5/5
  2127 | D:3      | Noticed an ogre
  2134 | D:3      | Killed an ogre
  2135 | D:3      | Gained mutation: You have a tail ending in a sharp stinger.
                  | [demonic ancestry]
  2135 | D:3      | Reached XP level 6. HP: 47/47 MP: 6/6
  2492 | D:4      | Found Texuto's Armour Shop.
  2559 | D:4      | Found Qirucol's Book Emporium.
  2559 | D:4      | Noticed an ice beast
  2567 | D:4      | Killed an ice beast
  2568 | D:4      | Reached skill level 5 in Axes
  2687 | D:4      | You fall into a shaft and drop 1 floor!
  2687 | D:5      | Entered Level 5 of the Dungeon
  2744 | D:5      | Noticed Sigmund
  2747 | D:5      | Noticed Dowan
  2747 | D:5      | Noticed Duvessa
  2752 | D:5      | Killed Sigmund
  2753 | D:5      | Gained mutation: You have a pair of small antennae on your
                  | head. [demonic ancestry]
  2753 | D:5      | Reached XP level 7. HP: 20/55 MP: 7/7
  2754 | D:5      | Gained mutation: Your health recovers twice as slowly from
                  | being drained. [potion of mutation]
  2754 | D:5      | Gained mutation: You are partially covered in iridescent
                  | scales. (AC +2) [potion of mutation]
  2754 | D:5      | Gained mutation: You occasionally lose the ability to read
                  | scrolls when taking damage. [potion of mutation]
  2754 | D:5      | Gained mutation: You are partially covered in large bone
                  | plates. (SH +4) [potion of mutation]
  2760 | D:5      | Slain by Duvessa

Illustrated notes

Levels and vault maps discovered:
D:1:      dpeg_arrival_snail, layout_basic, dreamdust_ecumenical_altar_statues
D:2:      layout_basic, grunt_decor_junction, grunt_ministairs_6, uniq_robin,
          uniq_terence
D:3:      layout_loops_ring, corexii_hall_statues_deadend
D:4:      layout_loops_corners, mainiacjoe_overflow_swirl, serial_shops,
          nicolae_shop_tiny_glass, shop, nicolae_shop_back_alley_shop,
          minivault_23
D:5:      layout_loops_ring, uniq_sigmund, uniq_edmund, uniq_menkaure,
          uniq_duvessa

Skill      XL: |  1  2  3  4  5  6 |
---------------+-------------------+-----
Axes           | 3 4 5 |  5.7
Unarmed Combat | 1 2 3 |  3.3
Fighting       | 3 4 |  4.4
Throwing       | |  1.7
Dodging        | |  2.6

Action                     |  1- 3 |  4- 6 |  7- 9 || total
---------------------------+-------+-------+-------++-------
  Melee: War axe           |    88 |    79 |       ||   167
         Touch             |    11 |    18 |     1 ||    30
         Tailslap          |     1 |     8 |     1 ||    10
         Hand axe          |       |     4 |     2 ||     6
    Use: Scroll            |     1 |     5 |       ||     6
         Potion            |       |       |     6 ||     6
   Stab: Sleeping          |     1 |       |       ||     1
 Armour: Leather armour    |    32 |       |       ||    32
         Acid dragon scale |    26 |    69 |     5 ||   100
         Skin              |       |       |    12 ||    12
  Dodge: Dodged            |    41 |    58 |     5 ||   104
  Block: Other             |       |       |     1 ||     1

Table legend: (Time is in decaauts)
 A = Elapsed time spent in this place.
 B = Non-inter-level travel time spent in this place.
 C = Inter-level travel time spent in this place.
 D = Time resting spent in this place.
 E = Time spent auto-exploring this place.
 F = Levels seen in this place.
 G = Mean time per level.
                   A        B        C        D        E       F      G
               +--------+--------+--------+--------+--------+-----+--------+
         Total |   2810 |   2742 |     68 |     86 |   2146 |   5 |  562.0 |
       Dungeon |   2810 |   2742 |     68 |     86 |   2146 |   5 |  562.0 |
               +--------+--------+--------+--------+--------+-----+--------+

Top non-repeatable levels by time:
     D:2: 998 daAuts
     D:3: 867 daAuts
     D:1: 634 daAuts
     D:4: 234 daAuts
     D:5: 75 daAuts
